 Dungeon Sprint DCSS version 0.19-a0-1937-g70ed36a (webtiles) character file.

107 LORDOFBUTT the Covert (level 4, -3/22 HPs)
             Began as a Spriggan Assassin on Oct 26, 2016.
             Was a Follower of Dithmenos.
             Slain by a wolf (6 damage)
             ... in the Dungeon (Sprint VII: "The Pits").
             The game lasted 00:01:07 (105 turns).

LORDOFBUTT the Covert (Spriggan Assassin)            Turns: 105, Time: 00:01:07

Health: -3/22      AC:  3    Str:  7    XL:     4   Next: 57%
Magic:  5/5        EV: 22    Int: 12    God:    Dithmenos [*.....]
Gold:   0          SH:  0    Dex: 18    Spells: 0 memorised, 3 levels left

rFire  . . .     SeeInvis +     a - +2 dagger
rCold  . . .     Gourm    .     c - +0 robe
rNeg   . . .     Faith    .     (shield restricted)
rPois  .         Spirit   .     (helmet restricted)
rElec  .         Reflect  .     d - +0 cloak
rCorr  .         Harm     .     (gloves unavailable)
MR     .....     NoTele   +     (boots unavailable)
Stlth  ++++++....               (no amulet)
                                (no ring)
                                (no ring)

@: very slightly contaminated, wreathed by umbra, very quick
A: unfitting armour, see invisible, herbivore 3, speed 3, slow metabolism 2
a: Renounce Religion


You were in the Dungeon.
You worshipped Dithmenos.
Dithmenos was aware of your devotion.
You were not hungry.

You visited 1 branch

Inventory:

Hand Weapons
 a - a +2 dagger (weapon)
 b - a +0 blowgun
Missiles
 e - 3 poisoned needles
 f - 2 curare-tipped needles
Armour
 c - a +0 robe (worn)
 d - a +0 cloak (worn)
Potions
 h - a potion of curing
 i - a potion of heal wounds
 j - a potion of haste
 k - 2 potions of magic
 l - a potion of berserk rage
Comestibles
 g - a bread ration


   Skills:
 - Level 1.5 Fighting
 + Level 5.3 Short Blades
 - Level 2.0 Throwing
 + Level 6.6 Dodging
 * Level 11.4 Stealth


You had 3 spell levels left.
You didn't know any spells.

Dungeon Overview and Level Annotations

Branches:
Dungeon (1/1)

Altars:
Ashenzari
Cheibriados
Dithmenos
Elyvilon
Fedhas
Gozag
Hepliaklqana
Kikubaaqudgha
Makhleb
Nemelex Xobeh
Okawaru
Qazlal
Ru
Sif Muna
Trog
Uskayaw
Vehumet
Xom
Yredelemnul
Zin
The Shining One
Beogh
Jiyva
Lugonu


Innate Abilities, Weirdness & Mutations

You are very small and have problems with some larger weapons.
You are too small for most types of armour.
You have supernaturally acute eyesight. (SInv)
You are a herbivore.
You cover ground extremely quickly.
You need consume almost no food.


Message History

You shoot a poisoned needle.
The poisoned needle closely misses the wolf.
The wolf misses you.
Firing (i - inventory. (,) - cycle):
e - 5 poisoned needles (quivered)
Press: ? - help, Shift-Dir - straight line, f/p - wolf
Aim: a wolf (moderately wounded, poisoned, umbra)
You shoot a poisoned needle. The poisoned needle misses the wolf.
The wolf misses you. The wolf barely misses you.
Firing (i - inventory. (,) - cycle):
e - 4 poisoned needles (quivered)
Press: ? - help, Shift-Dir - straight line, f/p - wolf
Aim: a wolf (heavily wounded, poisoned, umbra)
You shoot a poisoned needle. The poisoned needle hits the wolf.
The wolf looks even sicker.
The wolf is heavily wounded.
The wolf stops to sniff the ground.
The wolf closely misses you.
Wield which item (- for none, * to show all)? (? for menu, Esc to quit)
a - a +2 dagger (weapon)
The wolf bites you.
You die...

###### _____# _____#
####'###########++######
)))#.##................#
)))'.##......#..#......#
####.##................+
....†.(.....(..h@......+
#'#####......#..#......#
..#).##................#
..'..#####'#####++######
###+###.......#
#.......# . #.......# #+
#...<...# #.......#


You could see a wolf.

Vanquished Creatures
  A floating eye (D)
  An orc (D)
  2 giant cockroaches (D)
  A bat (D)
  A frilled lizard (D)
6 creatures vanquished.

Notes
Turn   | Place    | Note
-------+----------+-------------------------------------------
     0 | D        | LORDOFBUTT the Spriggan Assassin began the quest for the Orb.
     0 | D        | Reached XP level 1. HP: 10/10 MP: 2/2
    13 | D        | Reached skill level 6 in Stealth
    27 | D        | Found a radiant altar of Vehumet.
    27 | D        | Found a hide-covered altar of Uskayaw.
    27 | D        | Found an ancient bone altar of Kikubaaqudgha.
    27 | D        | Found a viscous altar of Jiyva.
    27 | D        | Found a hazy altar of Hepliaklqana.
    28 | D        | Found a bloodstained altar of Trog.
    28 | D        | Found a deep blue altar of Sif Muna.
    28 | D        | Found a sacrificial altar of Ru.
    28 | D        | Found a stormy altar of Qazlal.
    28 | D        | Found an iron altar of Okawaru.
    28 | D        | Found a sparkling altar of Nemelex Xobeh.
    28 | D        | Found an opulent altar of Gozag.
    28 | D        | Found a blossoming altar of Fedhas.
    28 | D        | Found a white marble altar of Elyvilon.
    28 | D        | Found a shadowy altar of Dithmenos.
    28 | D        | Found a snail-covered altar of Cheibriados.
    29 | D        | Found a glowing golden altar of the Shining One.
    29 | D        | Found a glowing silver altar of Zin.
    30 | D        | Found a burning altar of Makhleb.
    30 | D        | Found a basalt altar of Yredelemnul.
    30 | D        | Found a roughly hewn altar of Beogh.
    31 | D        | Found a corrupted altar of Lugonu.
    31 | D        | Found a shimmering altar of Xom.
    31 | D        | Found a shattered altar of Ashenzari.
    45 | D        | Became a worshipper of Dithmenos the Shadowed
    70 | D        | Reached skill level 7 in Stealth
    72 | D        | Reached * piety under Dithmenos
    76 | D        | Noticed a floating eye
    80 | D        | Killed a floating eye
    80 | D        | Reached skill level 5 in Short Blades
    80 | D        | Reached skill level 11 in Stealth
    80 | D        | Reached XP level 2. HP: 14/14 MP: 3/3
    80 | D        | Reached XP level 3. HP: 18/18 MP: 4/4
    80 | D        | Reached XP level 4. HP: 22/22 MP: 5/5
    81 | D        | Noticed a wolf
   105 | D        | Slain by a wolf

Vault maps used:
D:        pitsprint

Skill      XL: |  1 |
---------------+----+-----
Dodging        | 6 |  6.6
Stealth        | 11 | 11.4
Short Blades   | 5 |  5.3
Fighting       | |  1.5
Throwing       | |  2.0

Action                   |  1- 3 |  4- 6 || total
-------------------------+-------+-------++-------
Melee: Dagger            |     8 |     4 ||    12
 Fire: Blowgun           |       |     5 ||     5
  Use: Scroll            |       |     1 ||     1
 Stab: Sleeping          |     5 |       ||     5
Dodge: Dodged            |     2 |     9 ||    11
